 Dungeon Crawl Stone Soup version 0.32-a0-485-g70f7560b1c (webtiles) character file.

Game seed: 5325902497899808141

9 Esekla the Sneak (level 2, -1/21 HPs)
             Began as an Octopode Delver on Feb 26, 2024.
             Was an Initiate of Gozag.
             Succumbed to an orc's poison
             ... on level 5 of the Dungeon.
             The game lasted 00:05:31 (362 turns).

Esekla the Sneak (Octopode Delver)                   Turns: 362, Time: 00:05:31

Health: -1/21      AC:  1    Str: 11    XL:     2   Next: 12%
Magic:  2/2        EV: 13    Int: 12    God:    Gozag
Gold:   17         SH:  0    Dex: 13    Spells: 1/1 levels left

rFire   . . .        a - +0 falchion
rCold   . . .        (no shield)
rNeg    . . .        (helmet restricted)
rPois   .            (no amulet)
rElec   .            (no ring)
rCorr   .            (no ring)
SInv    .            (no ring)
Will    .....        (no ring)
Stlth   ++++         (no ring)
HPRegen 0.23/turn    (no ring)
MPRegen 0.08/turn    (no ring)
                     (no ring)

%: no passive effects
@: lethally poisoned (-1 -> -14)
A: almost no armour, amphibious, 8 rings, camouflage 1, gelatinous body 1,
(nimble swimmer 1), tentacles
a: Renounce Religion, Potion Petition, Call Merchant, Bribe Branch


You were on level 5 of the Dungeon.
You worshipped Gozag.
Gozag was noncommittal.
You visited 2 branches of the dungeon, and saw 2 of its levels.

You collected 20 gold pieces.
You paid 3 gold pieces to Gozag.

Inventory:

Hand Weapons
 a - a +0 falchion (weapon)
Wands
 c - a wand of flame (19)
 f - a wand of digging (3)
Scrolls
 b - a scroll of fog


   Skills:
 * Level 3.1 Fighting
 + Level 2.0 Long Blades
 * Level 2.1 Dodging
 + Level 6.9 Stealth
 * Level 0.2 Spellcasting


You had one spell level left.
You didn't know any spells.
Your spell library was empty.

Dungeon Overview and Level Annotations

Branches:
Dungeon (5/15)             Temple (1/1) D:5

Altars:
Cheibriados
Fedhas
Gozag
Nemelex Xobeh
Okawaru
Uskayaw
Vehumet

Shops:
D:5 *

Annotations:
Temple gnoll


Innate Abilities, Weirdness & Mutations

You cannot wear most types of armour.
You are amphibious.
You can wear up to eight rings at the same time.
Your skin changes colour to match your surroundings (Stealth+).
Your rubbery body absorbs attacks. (AC +1, EV +1)
((You are camouflaged when in or above water. (Stealth+)))
You have tentacles for arms and can constrict up to eight enemies at once.


Message History

An orc wizard comes into view. It is wielding a +0 dagger.
An orc priest comes into view. It is wielding a +0 hand axe.
The gnoll sergeant shouts!
You hear a shout!
An orc comes into view. It is wielding a +0 mace.
A gnoll comes into view. It is wielding a +0 spear.
Found Naurac's Elemental Accessories.
You enter the deep water.
An iguana comes into view.
An iguana comes into view.
There is an entrance to Naurac's Elemental Accessories here.
The iguana hisses angrily.
An orc and a steam dragon come into view.
The orc is wielding a +2 dagger of venom.
Found a bubbling yellow potion.
The orc shouts!
You hear a shout!
An orc wizard comes into view. It is wielding a +0 dagger.
The orc moves out of view.
Okay, then.
You aren't carrying any potions.
The gnoll sergeant hits you from afar with a +0 spear.
The gnoll sergeant barely misses you.
You hit the gnoll sergeant but do no damage.
You grab the gnoll sergeant.
You constrict the gnoll sergeant, but do no damage.
The gnoll sergeant hits you with a +0 spear.
You hit the gnoll sergeant.
The gnoll sergeant is lightly wounded.
You constrict the gnoll sergeant, but do no damage.
The gnoll sergeant hits you with a +0 spear.
* * * LOW HITPOINT WARNING * * *
You hit the gnoll sergeant but do no damage.
The gnoll sergeant is lightly wounded.
You constrict the gnoll sergeant. The gnoll sergeant closely misses you.
The orc hits you with a +2 dagger of venom.
* * * LOW HITPOINT WARNING * * *
You are lethally poisoned!
You closely miss the orc. Your grab misses the orc.
You constrict the gnoll sergeant, but do no damage.
You die...
Your body crumbles into a pile of gold.

####......g..g...#
*#.###.#######.#
#...*#.# #.#
#......# #.#
**#...####** #.#
,,.....,,,,* #.#
*###.##***,* #g#
*,* *^* #g# *,* *,*
#@# *,***##.#####o#
****,,,,o...o..D.#
,,,*,***##!#######
,,,,,* *,* **,*,*
*,*
**,*,*****,********
,,,,,,,,,,,,<,,,,,*
,,,,,*****,******,*


You could see a steam dragon, a gnoll sergeant, a gnoll and an orc.

Vanquished Creatures
  An adder (Temple)
1 creature vanquished.

Notes
Turn   | Place    | Note
-------+----------+-------------------------------------------
     0 | D:5      | Esekla the Octopode Delver began the quest for the Orb.
     0 | D:5      | Reached XP level 1. HP: 16/16 MP: 1/1
     6 | D:5      | Noticed a phantom
    44 | D:5      | Found a staircase to the Ecumenical Temple.
    50 | D:5      | Noticed a gnoll sergeant
    51 | Temple   | Entered the Ecumenical Temple
   119 | Temple   | Became a worshipper of Gozag Ym Sagoz the Greedy
   192 | Temple   | Reached XP level 2. HP: 18/21 MP: 2/2
   312 | D:5      | Found Naurac's Elemental Accessories.
   355 | D:5      | Noticed a steam dragon
   362 | D:5      | Succumbed to an orc's poison

Illustrated notes

Levels and vault maps discovered:
D:5:      layout_loops_ring, nicolae_ru_path_of_blood, minmay_temple_entry_mist,
          nicolae_elemental_shop, hangedman_abyss_or_decor_lesser_grid,
          nicolae_goblin_pals
Temple:   hellmonk_temple_beads

Action                     || total
---------------------------++-------
  Melee: Falchion          ||     8
         Constrict         ||     2
         Tentacles         ||     1
    Use: Scroll            ||     2
         Potion            ||     1
 Armour: Skin              ||    11
  Dodge: Dodged            ||     6

Table legend: (Time is in decaauts)
 A = Elapsed time spent in this place.
 B = Non-inter-level travel time spent in this place.
 C = Inter-level travel time spent in this place.
 D = Time resting spent in this place.
 E = Time spent auto-exploring this place.
 F = Levels seen in this place.
 G = Mean time per level.
                   A        B        C        D        E       F      G
               +--------+--------+--------+--------+--------+-----+--------+
         Total |    345 |    345 |      0 |      0 |      0 |   2 |  172.5 |
       Dungeon |    102 |    102 |      0 |      0 |      0 |   1 |  102.0 |
        Temple |    243 |    243 |      0 |      0 |      0 |   1 |  243.0 |
               +--------+--------+--------+--------+--------+-----+--------+

Top non-repeatable levels by time:
  Temple: 243 daAuts
     D:5: 102 daAuts
